AoeStats
← enzo.giulietti

Arabia

505768671Analyzed
1v1 RM · 21d ago on Sep 11, 2026· 57m 56s· 2 players
Game mode
Random Map
Map size
Tiny (2 player)
Population
200
Speed
Normal
Resources
Standard
Victory
Conquest
Starting age
Dark Age
Ending age
Imperial Age
RankedLock teamsTeams togetherTeam positionsShared explorationLock speedFull tech treeHidden civsTurbo modeCheats
Victory
Defeat
🇨🇱 Bohemians · Chile
922
+15
🇦🇷 Mongols · Argentina
909
-39
enzo.giulietti
0:34 Loom
10:14 Feudal Age
11:02 Double-Bit Axe
11:07 Horse Collar
11:55 Town Watch
16:39 Bloodlines
17:43 Scale Barding Armor
17:50 Forging
22:17 Castle Age
20:40 Man-at-Arms
22:22 Scale Mail Armor
22:14 Gold Mining
22:18 Stone Mining
22:25 Light Cavalry
23:18 Long Swordsman
24:30 Squires
24:34 Husbandry
26:45 Wheelbarrow
27:49 Bow Saw
29:50 Heavy Plow
30:29 Gold Shaft Mining
30:36 Iron Casting
31:30 Murder Holes
33:29 Town Patrol
34:41 Chain Mail Armor
37:01 Hand Cart
40:11 Masonry
42:20 Chain Barding Armor
41:51 Arson
47:12 Imperial Age
48:13 Ballistics
49:06 Chemistry
48:15 Siege Engineers
48:51 Elite Mangudai
49:19 Two-Handed Swordsman
49:42 Elite Steppe Lancer
51:07 Champion
56:33 Blast Furnace
58:02 Conscription
Sunstraker
11:31 Feudal Age
9:48 Loom
18:32 Man-at-Arms
19:01 Double-Bit Axe
23:30 Castle Age
22:59 Fletching
24:54 Wheelbarrow
23:53 Pikeman
25:00 Scale Mail Armor
25:43 Elite Skirmisher
27:39 Squires
33:54 Horse Collar
38:37 Arson
41:25 Imperial Age
40:13 Bodkin Arrow
42:35 Halberdier
46:49 Chain Mail Armor
47:34 Conscription
48:48 Ballistics
49:32 Bow Saw
50:45 Ballistics
52:18 Chemistry
51:46 Capped Ram
54:02 Two-Man Saw
53:25 Hand Cart
53:38 Bombard Tower
54:41 Plate Mail Armor
55:01 Bracer
54:39 Houfnice
57:17 Padded Archer Armor
56:43 Elite Hussite Wagon
Connection lost

Rejoining the realm…

Still unreachable

The connection could not be restored.

Session expired

The server has moved on; the page needs a fresh start.